Frizzbo, neutral female gnomish Wizard ..h .G.. -.f... .f...- -..<| --- Frizzbo the Thaumaturge Experience level: 6 Strength: 11 Dexterity: 12 Constitution: 12 Intelligence: 18 Wisdom: 17 Charisma: 9 Health: 0(42) Energy: 50(59) Def: 4 Gold: 319 Moves: 5382 Dungeon seed: eambJFTJzsGwf0Mc Game ID: Frizzbo_1467378608 Your Inventory: Coins $ - 319 gold pieces Weapons o - an uncursed +2 aklys v - the blessed +0 Sting (alternate weapon; not wielded) X - the blessed rustproof +1 Magicbane (weapon in hand) Armor e - an uncursed +0 cloak of magic resistance (being worn) n - an uncursed +0 cloak of invisibility y - an uncursed +0 orcish helm (being worn) z - a blessed +1 pair of low boots (being worn) Comestibles d - 2 uncursed lichen corpses p - an uncursed food ration Scrolls a - an uncursed scroll of water j - 2 uncursed scrolls of stinking cloud k - 2 uncursed scrolls of scare monster m - a blessed scroll of light C - a cursed scroll of blank paper Spellbooks b - a blessed spellbook of force bolt c - an uncursed spellbook of sleep Potions l - an uncursed potion of speed u - a blessed potion of fruit juice B - an uncursed potion of restore ability V - an uncursed potion of blindness Rings t - a cursed -1 ring of adornment D - a cursed ring of teleportation Wands g - an uncursed wand of digging (0:6) i - an uncursed wand of fire (0:7) E - an uncursed wand of speed monster (0:3) F - an uncursed wand of magic missile (0:3) G - an uncursed wand of make invisible (0:6) H - an uncursed wand of polymorph (0:6) I - an uncursed wand of sleep (0:6) J - an uncursed wand of sleep (0:5) K - an uncursed wand of probing (0:2) L - an uncursed wand of secret door detection (0:14) R - an uncursed wand of teleportation (0:7) U - an uncursed wand of digging (0:7) Tools f - an uncursed credit card q - an uncursed +0 grappling hook Gems h - an uncursed opal r - an uncursed jade stone s - an uncursed worthless piece of black glass N - an uncursed amethyst stone Y - an uncursed worthless piece of violet glass Spells and supernatural/magical abilities: Name Level Category Fail Memory a - force bolt 1 attack 0% 74% z - sleep 1 enchantment 0% 74% W - pray for help -- divine ? -- Your skills at the end: Miscellaneous Skills wands [Basic] Weapon Skills dagger [Basic] quarterstaff [Basic] crossbow [Basic] Spellcasting Skills attack spells [Basic] enchantment spells [Basic] Final Attributes: You were devoutly aligned. You were magic-protected. You were telepathic. You had infravision. You were fast. You were lucky. You are dead. Vanquished creatures: a large mimic 2 leprechauns an imp a rock piercer a pony a shrieker 2 little dogs 6 floating eyes 2 homunculi 2 iguanas 3 hill orcs 2 rothes 2 centipedes a giant bat an orc zombie a dwarf zombie a wererat 3 hobbits 2 acid blobs 6 geckos a hobgoblin 2 giant rats 4 cave spiders a yellow mold a green mold 8 manes a gnome zombie 3 jackals a fox 3 newts 3 goblins 12 grid bugs a bat 7 lichens 2 kobold zombies 91 creatures vanquished. Voluntary challenges: You did not adorn yourself with jewelry or accessories. You used a wielded weapon 57 times, starting on turn 210. You did not apply a unicorn horn. You read items or engraved 14 times, starting on turn 2. You never genocided any monsters. You never polymorphed an object. You never changed form. You used no wishes. You never split a pudding. You never wrote Elbereth's name. You never violated your personal moral code. Dungeon overview: The Dungeons of Doom: levels 1 to 4 Level 1 a long staircase Level 2 a general store, an altar to Ptah stairs to The Gnomish Mines Level 3 an armor shop, a fountain Level 4 a wand shop, an altar to Thoth The Gnomish Mines: levels 3 to 4 Level 3 stairs to The Dungeons of Doom Level 4 <- You were here History has recorded: On T:1 you entered the Dungeons of Doom to retrieve the Amulet of Yendor! On T:576 you advanced to experience level 2. On T:666 you reached level 2 of The Dungeons of Doom. On T:1507 you advanced to experience level 3. On T:1509 you reached level 3 of The Dungeons of Doom. On T:2302 you advanced to experience level 4. On T:2707 you advanced to experience level 5. On T:2901 you reached level 4 of The Dungeons of Doom. On T:4803 you advanced to experience level 6. On T:4857 you received Magicbane from Thoth. On T:5067 you reached level 1 of The Gnomish Mines. On T:5375 you reached level 2 of The Gnomish Mines. Score breakdown: Gold: 319 ( 31 points) Experience: 6 levels ( 500 points) Exploration: 4 levels ( 90 points) Discoveries: 21 items ( 1050 points) Variety of kills: 35 monsters ( 1750 points) Major goal: (nothing yet) ( 0 points) Survival: died (score multiplied by 3) Total score: 10263 Latest messages: The master mind flayer's tentacles suck you! Your helmet blocks the attack to your head. The master mind flayer's tentacles suck you! Your helmet blocks the attack to your head. The master mind flayer's tentacles suck you! Your helmet blocks the attack to your head. The master mind flayer's tentacles suck you! Your helmet blocks the attack to your head. The master mind flayer's tentacles suck you! Your helmet blocks the attack to your head. You hear crashing rock. Taco misses Taco. Taco misses. You hear some noises. The sleep ray hits the master mind flayer. The sleep ray bounces! The sleep ray hits Taco. The master mind flayer punches you! The master mind flayer's tentacles suck you! Your helmet blocks the attack to your head. The master mind flayer's tentacles suck you! Your helmet blocks the attack to your head. You die... Final status: Goodbye Frizzbo the Wizard, killed by a master mind flayer... You died in The Gnomish Mines on dungeon level 4 with 10263 points, and 319 pieces of gold, after 5382 moves. You were level 6 with a maximum of 42 hit points when you died.